 Dungeon Crawl Stone Soup version 0.30-a0-949-g53dc5368d7 (webtiles) character file.

Game seed: 1473334798760496319

205 2tousent the Ruffian (level 5, -10/47 HPs)
             Began as a Ghoul Monk on Mar 27, 2023.
             Mangled by Menkaure (17 damage)
             ... on level 4 of the Dungeon.
             The game lasted 00:02:55 (2569 turns).

2tousent the Ruffian (Ghoul Monk)                   Turns: 2569, Time: 00:02:56

Health: -10/47     AC:  8    Str: 17    XL:     5   Next: 83%
Magic:  4/4        EV:  7    Int:  5    God:
Gold:   187        SH:  0    Dex: 11    Spells: 4/4 levels left

rFire   . . .      SeeInvis .      - Unarmed
rCold   + + +      Faith    .    (no shield)
rNeg    + + +      Spirit   .    l - +0 chain mail
rPois   ∞          Reflect  .    (no helmet)
rElec   .          Rampage  .    (no cloak)
rCorr   .                        (no gloves)
Will    .....                    (no boots) Stlth
                                 (no amulet)
HPRegen 0.00/turn                i - ring of protection from cold
MPRegen 0.09/turn                p - ring of protection from cold

@: inhibited regen
A: claws 1, cold resistance 1, negative energy resistance 3, inhibited
regeneration, torment resistance 2, devour on kill
a: no special abilities


You were on level 4 of the Dungeon.
You visited 1 branch of the dungeon, and saw 4 of its levels.

You collected 187 gold pieces.

Inventory:

Armour
 a - a +0 robe
 l - a +0 chain mail (worn)
Jewellery
 i - a ring of protection from cold (left claw)
 p - a ring of protection from cold (right claw)
Wands
 e - a wand of polymorph (6)
Scrolls
 c - 3 scrolls of teleportation {unknown}
 d - a scroll of poison {unknown}
 f - a scroll of identify {unknown}
 h - a scroll of blinking {unknown}
 j - a scroll of immolation {unknown}
 m - a scroll of fear {unknown}
Potions
 b - 2 potions of ambrosia
 g - a potion of curing {unknown}
 k - a potion of mutation {unknown}
 n - a potion of resistance {unknown}
 o - a potion of flight {unknown}


   Skills:
 + Level 4.4 Fighting
 + Level 3.7 Dodging
 - Level 2.1 Stealth
 * Level 5.4 Unarmed Combat


You had 4 spell levels left.
You didn't know any spells.
Your spell library contained the following spells:

 Spells                   Type           Power      Damage    Failure   Level
 Call Canine Familiar     Summ           0%         N/A       100%        3
 Portal Projectile        Hex/Tloc       0%         N/A       100%        3
 Leda's Liquefaction      Hex/Erth       0%         N/A       100%        4
 Summon Forest            Summ/Tloc      0%         N/A       100%        5
 Eringya's Noxious Bog    Tmut/Pois      0%         N/A       100%        6
 Summon Hydra             Summ           0%         N/A       100%        7


Dungeon Overview and Level Annotations

Branches:
Dungeon (4/15)
 Temple: D:4-7

Altars:
Cheibriados
Xom

Annotations:
D:4 Menkaure


Innate Abilities, Weirdness & Mutations

You are immune to poison.
You have sharp fingernails.
Your flesh is cold resistant. (rC+)
You are immune to negative energy. (rN+++)
You do not regenerate when monsters are visible.
You are immune to unholy pain and torment.
You thrive by killing the living.


Message History

There is an open door here.
Found a stone staircase leading down.
p - a ring of protection from cold
Found a dagger.
A hobgoblin comes into view.
Found a stone staircase leading down.
The hobgoblin shouts!
p - a ring of protection from cold (right claw)
The hobgoblin hits you but does no damage.
You claw the hobgoblin!
You kill the hobgoblin!
No target in view!
No target in view!
No target in view!
No target in view!
No target in view!
No target in view!
There is a stone staircase leading down here.
You open the door.
There is an open door here.
Found a scale mail.
Menkaure, Prince of Dust comes into view.
Menkaure is nearby!
Menkaure hits you!
You scratch Menkaure.
Menkaure is moderately damaged.
Menkaure hits you!
You are too injured to fight recklessly!
You are too injured to fight recklessly!
You are too injured to fight recklessly!
You scratch Menkaure.
Menkaure is heavily damaged.
You scratch Menkaure.
Menkaure is severely damaged.
Menkaure hits you!
* * * LOW HITPOINT WARNING * * *
You claw Menkaure!
Menkaure is almost destroyed.
Menkaure hits you!
You die...

###### .....###
#......#
#########
#.##.#.#
#........
##.##.#.###.#####
#...............#
#..##.#.###.##@.#
#.......# #.#..M#
.##.###.###
#.......
........#
#........#
###.#####
####[##### ##.##
#.# #...##### #.#
#.......# #+#
#...###.#


You could see Menkaure.

Vanquished Creatures
  A kobold brigand (D:4)
  An orc priest (D:3)
  An orc wizard (D:3)
  2 adders (D:2)
  A worm (D:3)
  3 orcs (D:3)
  9 bats
  3 endoplasms
  3 giant cockroaches
  A goblin (D:1)
  9 hobgoblins
  4 jackals
  4 quokkas
  7 ball pythons
  A frilled lizard (D:1)
  4 kobolds
  6 rats
60 creatures vanquished.

Notes
Turn   | Place    | Note
-------+----------+-------------------------------------------
     0 | D:1      | 2tousent the Ghoul Monk began the quest for the Orb.
     0 | D:1      | Reached XP level 1. HP: 19/19 MP: 0/0
   146 | D:1      | Reached XP level 2. HP: 20/26 MP: 1/1
   270 | D:1      | Reached XP level 3. HP: 18/31 MP: 2/2
   281 | D:1      | Reached skill level 4 in Unarmed Combat
   916 | D:2      | Reached XP level 4. HP: 35/40 MP: 3/3
  1870 | D:3      | Reached skill level 5 in Unarmed Combat
  1870 | D:3      | Reached XP level 5. HP: 39/46 MP: 4/4
  2026 | D:3      | Found a snail-covered altar of Cheibriados.
  2270 | D:4      | Found a shimmering altar of Xom.
  2331 | D:4      | Noticed a kobold brigand
  2342 | D:4      | Killed a kobold brigand
  2562 | D:4      | Noticed Menkaure
  2569 | D:4      | Mangled by Menkaure

Illustrated notes

Levels and vault maps discovered:
D:1:      minmay_arrival_jagged, layout_rooms
D:2:      layout_basic, kennysheep_generic_room_14
D:3:      layout_loops_ring, mainiacjoe_overflow_alcove_2,
          kennysheep_another_room
D:4:      layout_loops_corners, lemuel_doored_altar, uniq_menkaure

Skill      XL: |  1  2  3  4 |
---------------+-------------+-----
Dodging        | 3 |  3.7
Unarmed Combat | 4 5 |  5.4
Fighting       | 4 |  4.4
Stealth        | |  2.1

Action                     |  1- 3 |  4- 6 || total
---------------------------+-------+-------++-------
  Melee: Unarmed           |   117 |    54 ||   171
         Punch             |     1 |     3 ||     4
    Use: Scroll            |     1 |       ||     1
   Stab: Sleeping          |     2 |     4 ||     6
 Armour: Robe              |    26 |     2 ||    28
         Chain mail        |       |    11 ||    11
  Dodge: Dodged            |    96 |    15 ||   111

Table legend: (Time is in decaauts)
 A = Elapsed time spent in this place.
 B = Non-inter-level travel time spent in this place.
 C = Inter-level travel time spent in this place.
 D = Time resting spent in this place.
 E = Time spent auto-exploring this place.
 F = Levels seen in this place.
 G = Mean time per level.
                   A        B        C        D        E       F      G
               +--------+--------+--------+--------+--------+-----+--------+
         Total |   2554 |   2496 |     58 |      0 |   2092 |   4 |  638.5 |
       Dungeon |   2554 |   2496 |     58 |      0 |   2092 |   4 |  638.5 |
               +--------+--------+--------+--------+--------+-----+--------+

Top non-repeatable levels by time:
     D:3: 833 daAuts
     D:2: 822 daAuts
     D:1: 583 daAuts
     D:4: 315 daAuts
